 Dungeon Crawl Stone Soup version 0.26-a0-665-gefeb406119 (webtiles) character file.

Game seed: 4981756473242795766

136 somkeydreadnuts the Grave Robber (level 4, -4/24 HPs)
             Began as a Deep Elf Necromancer on Oct 14, 2020.
             Killed from afar by a white imp (10 damage)
             ... with a puff of frost
             ... on level 3 of the Dungeon.
             The game lasted 00:15:50 (3650 turns).

somkeydreadnuts the Grave Robber (DENe)             Turns: 3650, Time: 00:15:51

Health: -4/24      AC:  2    Str:  5    XL:     4   Next: 98%
Magic:  12/12      EV: 13    Int: 21    God:
Gold:   150        SH:  0    Dex: 15    Spells: 10/12 levels left

rFire    . . .     SeeInvis .   h - +1 quarterstaff
rCold    . . .     Faith    .   (shield currently unavailable)
rNeg     . . .     Spirit   .   a - +0 robe
rPois    .         Reflect  .   (no helmet)
rElec    .         Harm     .   (no cloak)
rCorr    .         Rampage  .   (no gloves)
MR       .....                  (no boots)
Stlth    ++........             (no amulet)
HPRegen  0.08/turn              (no ring)
MPRegen  0.13/turn              (no ring)

@: no status effects
A: no striking features
a: no special abilities


You were on level 3 of the Dungeon.
You visited 1 branch of the dungeon, and saw 3 of its levels.

You collected 150 gold pieces.

Inventory:

Hand Weapons
 h - a +1 quarterstaff (weapon)
Armour
 a - a +0 robe (worn)
Scrolls
 c - 2 scrolls of teleportation
 f - 2 scrolls of random uselessness {unknown}
 k - a scroll of magic mapping
 l - 6 scrolls of identify {unknown}
 m - a scroll of remove curse
 n - a scroll of enchant weapon
Potions
 b - a potion of haste {unknown}
 d - a potion of mutation {unknown}
 e - 4 potions of flight {unknown}
 g - a potion of magic {unknown}
 i - 2 potions of curing {unknown}
 j - a potion of resistance {unknown}


   Skills:
 + Level 2.6 Dodging
 + Level 3.0 Stealth
 + Level 4.7 Spellcasting
 + Level 6.5 Necromancy


You had 10 spell levels left.
You knew the following spells:

 Your Spells              Type           Power        Failure   Level
a - Pain                  Necr           ####         1%          1
b - Animate Skeleton      Necr           ####..       1%          1

Your spell library contained the following spells:

 Spells                   Type           Power        Failure   Level
 Vampiric Draining        Necr           ####......   2%          3
 Animate Dead             Necr           ####......   8%          4
 Apportation              Tloc           #.....       11%         1
 Corona                   Hex            #......      11%         1
 Summon Small Mammal      Summ           #...         11%         1
 Agony                    Necr           ####....     22%         5


Dungeon Overview and Level Annotations

Branches:
Dungeon (3/15)

Altars:
Gozag
Nemelex Xobeh
Sif Muna

Annotations:
D:3 1 runed translucent door, Crazy Yiuf


Message History

You barely miss the white imp.
The white imp is moderately wounded.
The white imp hits you. The white imp freezes you.
Casting: Pain (safe; 1% risk of failure)
Confirm with . or Enter, or press ? or * to list all spells.
You can't see any susceptible monsters within range! (Use Z to cast anyway.) Sorry, you're not good enough to have a special ability.
Casting: Pain (safe; 1% risk of failure)
Confirm with . or Enter, or press ? or * to list all spells.
Okay, then.
You hit the white imp but do no damage.
The white imp is moderately wounded.
The white imp hits you. The white imp freezes you. The white imp hits you.
The white imp freezes you.
* * * LOW HITPOINT WARNING * * *
You sock the white imp!
The white imp is almost dead.
The white imp gestures at you. The puff of frost hits you!
You die...

*,*********#.# *,*
#.# *,* #.# *,*
#######.#### *,*
#..........# *,*
#.#####.##.#######
*,* #.#
#.##........ *,*
#5#####.##########
#.####@......#
#............#
###########.## #.#
#.###########
#.##.........
#.##.#.######
#.#....# **
#.#....#####.


You could see a white imp.

Vanquished Creatures
  An orc wizard (D:3)
  4 adders
  A worm (D:3)
  3 dart slugs
  2 leopard geckos
  4 orcs (D:3)
  4 giant cockroaches (D:1)
  6 goblins
  9 hobgoblins
  4 jackals (D:3)
  3 quokkas
  5 bats
  A frilled lizard (D:3)
  2 kobolds
  6 rats
55 creatures vanquished.

Notes
Turn   | Place    | Note
-------+----------+-------------------------------------------
     0 | D:1      | somkeydreadnuts the Deep Elf Necromancer began the quest
                  | for the Orb.
     0 | D:1      | Reached XP level 1. HP: 10/10 MP: 6/6
    12 | D:1      | Learned a level 1 spell: Animate Skeleton
    65 | D:1      | Reached skill level 5 in Necromancy
   549 | D:1      | Reached XP level 2. HP: 8/15 MP: 4/8
  1348 | D:1      | Reached XP level 3. HP: 11/19 MP: 5/10
  1625 | D:2      | Found a sparkling altar of Nemelex Xobeh.
  1625 | D:2      | Found an opulent altar of Gozag.
  2586 | D:2      | Reached skill level 6 in Necromancy
  2586 | D:2      | Reached XP level 4. HP: 21/24 MP: 7/12
  2660 | D:2      | Found a shimmering blue altar of Sif Muna.
  3224 | D:3      | Found a runed translucent door.
  3225 | D:3      | Noticed Crazy Yiuf
  3650 | D:3      | Killed from afar by a white imp

Illustrated notes

Levels and vault maps discovered:
D:1:      eino_arrival_cavern_a, layout_loops_ring
D:2:      kennysheep_big_flooded_room, layout_basic,
          grunt_temple_overflow_opulence, led_sif_pool, chequers_mini_garden
D:3:      layout_loops_ring, minmay_misc_feat_encased, uniq_crazy_yiuf_cottage

Skill      XL: |  1  2  3 |
---------------+----------+-----
Necromancy     | 5 6 |  6.5
Spellcasting   | 4 |  4.7
Stealth        | 3 |  3.0
Dodging        | |  2.6

Action                   |  1- 3 |  4- 6 || total
-------------------------+-------+-------++-------
Melee: Quarterstaff      |     4 |     4 ||     8
 Cast: Pain              |    63 |    40 ||   103
       Animate Skeleton  |     1 |       ||     1
  Use: Scroll            |       |     5 ||     5
Armor: Robe              |     1 |     1 ||     2
Dodge: Dodged            |    10 |     5 ||    15

Table legend: (Time is in decaauts)
 A = Elapsed time spent in this place.
 B = Non-inter-level travel time spent in this place.
 C = Inter-level travel time spent in this place.
 D = Time resting spent in this place.
 E = Time spent auto-exploring this place.
 F = Levels seen in this place.
 G = Mean time per level.
                   A        B        C        D        E       F      G
               +--------+--------+--------+--------+--------+-----+--------+
         Total |   3650 |   3493 |    157 |      0 |   3157 |   3 | 1216.7 |
       Dungeon |   3650 |   3493 |    157 |      0 |   3157 |   3 | 1216.7 |
               +--------+--------+--------+--------+--------+-----+--------+

Top non-repeatable levels by time:
     D:1: 1615 daAuts
     D:2: 1204 daAuts
     D:3: 830 daAuts
